 Dungeon Crawl Stone Soup version 0.29.1-15-g9cfb28693d (webtiles) character file.

Game seed: 7069565730189317755

117 Mickster the Covered (level 4, -4/36 HPs)
             Began as a Demigod Wanderer on Feb 26, 2023.
             Slain by Grinder (6 damage)
             ... on level 4 of the Dungeon on Feb 27, 2023.
             The game lasted 00:35:59 (2771 turns).

Mickster the Covered (Demigod Wanderer)             Turns: 2771, Time: 00:35:59

Health: -4/36      AC: 11    Str: 16    XL:     4   Next: 44%
Magic:  6/6        EV:  9    Int: 12    God:
Gold:   108        SH:  0    Dex: 16    Spells: 3/3 levels left

rFire   . . .      SeeInvis .   k - +4 spear (vamp)
rCold   . . .      Faith    .   o - orb {*channel}
rNeg    . . .      Spirit   .   v - +0 plate armour
rPois   .          Reflect  .   (no helmet)
rElec   .          Harm     .   (no cloak)
rCorr   .          Rampage  .   (no gloves)
Will    .....                   (no boots)
Stlth   ..........              (no amulet)
HPRegen 0.12/turn               i - +4 ring of evasion
MPRegen 0.10/turn               (no ring)

@: no status effects
A: high MP 1, forlorn, divine attributes, hooves 1
a: no special abilities


You were on level 4 of the Dungeon.
You visited 1 branch of the dungeon, and saw 4 of its levels.

You collected 108 gold pieces.

Inventory:

Hand Weapons
 a - a +0 dagger
 f - a +0 short sword
 g - a +2 falchion of freezing
 k - a +4 vampiric spear (weapon)
 m - a +0 sling
Missiles
 l - 3 boomerangs
 r - 2 poisoned darts (quivered)
 t - 3 stones
Armour
 c - a +0 scale mail
 e - a +0 buckler of protection
 o - an orb of energy (worn)
 v - a +0 plate armour (worn)
Jewellery
 i - a +4 ring of evasion (left hand)
 j - a ring of flight
Scrolls
 b - 2 scrolls of vulnerability
 h - a scroll of fear
 n - a scroll of identify
 u - a scroll of summoning {unknown}
Potions
 d - a potion of lignification
 p - a potion of heal wounds {unknown}
 q - a potion of flight
 s - a potion of curing


   Skills:
 + Level 2.1 Fighting
 - Level 0.2 Long Blades
 * Level 2.1 Polearms
 - Level 4.0 Armour
 + Level 1.4 Dodging
 + Level 2.1 Stealth
 + Level 2.4 Shields


You had 3 spell levels left.
You didn't know any spells.
Your spell library was empty.

Dungeon Overview and Level Annotations

Branches:
Dungeon (4/15)
 Temple: D:4-7

Shops:
D:1 ?   D:2 :

Annotations:
D:4 Grinder


Innate Abilities, Weirdness & Mutations

You have an increased reservoir of magic. (+10% MP)
You shall have no god before yourself.
Your divine heritage dramatically boosts your attributes as you level up.
You have large cloven feet.


Message History

Grinder is moderately wounded.
Grinder closely misses you. The black bear bites you.
* * * LOW HITPOINT WARNING * * *
The black bear claws you but does no damage. x2
You barely miss Grinder. Your kick misses Grinder.
Grinder is moderately wounded.
Grinder says, "Just stop there for a second..."
Grinder barely misses you.
The black bear bites you but does no damage.
The black bear claws you but does no damage.
The black bear closely misses you.
You hit the black bear. Your kick misses the black bear.
The black bear is lightly wounded.
Grinder barely misses you.
The black bear bites you but does no damage.
The black bear closely misses you. x2
You hit the black bear.
You feel better.
The black bear is moderately wounded.
The black bear bites you but does no damage.
The black bear closely misses you.
The black bear claws you but does no damage.
Grinder gestures at you.
You suddenly lose the ability to move!
The black bear bites you.
* * * LOW HITPOINT WARNING * * *
The black bear claws you.
* * * LOW HITPOINT WARNING * * *
The black bear claws you but does no damage.
Grinder hits you but does no damage.
The black bear bites you but does no damage.
The black bear claws you but does no damage.
The black bear barely misses you. Grinder hits you.
* * * LOW HITPOINT WARNING * * *
You writhe in agony.
* * * LOW HITPOINT WARNING * * *
You can move again.
You hit Grinder.
Grinder is moderately wounded.
Grinder hits you.
You die...

........#
..⌠.....#
........#
_....(..#
(.......##
#........
#...h5#
#(...@#
###.### #


You could see Grinder and a black bear.

Vanquished Creatures
  A jelly (D:2)
  Terence (D:2)
  3 adders
  A bat (D:1)
  2 endoplasms
  A giant cockroach (D:2)
  5 goblins
  2 hobgoblins (D:3)
  4 kobolds
  A quokka (D:1)
  8 ball pythons
  6 frilled lizards
  5 rats
40 creatures vanquished.

Notes
Turn   | Place    | Note
-------+----------+-------------------------------------------
     0 | D:1      | Mickster the Demigod Wanderer began the quest for the Orb.
     0 | D:1      | Mickster set off with the following items: a +0 dagger, a
                  | scroll of vulnerability, a +0 scale mail, a potion of
                  | lignification, a +0 buckler of protection.
     0 | D:1      | Reached XP level 1. HP: 17/17 MP: 3/3
   171 | D:1      | Gained mutation: You have large cloven feet. [potion of
                  | mutation]
   363 | D:1      | Found Qowuis's Magic Scroll Shop.
   383 | D:1      | Reached skill level 4 in Armour
   491 | D:1      | Reached XP level 2. HP: 24/24 MP: 4/4
   911 | D:2      | Noticed Terence
   934 | D:2      | Killed Terence
   935 | D:2      | Reached skill level 1 in Polearms
   935 | D:2      | Reached XP level 3. HP: 8/29 MP: 5/5
  1454 | D:2      | Reached skill level 1 in Dodging
  1454 | D:2      | Reached XP level 4. HP: 34/36 MP: 6/6
  1819 | D:2      | Found Sanaomag's Book Emporium.
  2746 | D:4      | Noticed Grinder
  2749 | D:4      | Noticed a black bear
  2768 | D:4      | Paralysed by Grinder for 3 turns
  2771 | D:4      | Slain by Grinder

Illustrated notes

Levels and vault maps discovered:
D:1:      saegor_arrival_simple_a, layout_basic, serial_shops,
          nicolae_shop_statue_plus, minmay_misc_feat_room
D:2:      layout_basic, basic_ecumenical_altar, serial_shops,
          nicolae_shop_hallway_stairs, uniq_terence, uniq_crazy_yiuf_cottage
D:3:      layout_loops_ring
D:4:      layout_loops_ring, grunt_temple_overflow_open, uniq_grinder,
          uniq_robin

Skill      XL: |  1  2  3  4 |
---------------+-------------+-----
Armour         | 4 |  4.0
Stealth        | 2 |  2.1
Fighting       | 2 |  2.1
Polearms       | 1 2 |  2.1
Shields        | 2 |  2.4
Dodging        | 1 |  1.4
Long Blades    | |  0.2

Action                   |  1- 3 |  4- 6 || total
-------------------------+-------+-------++-------
Melee: Short sword       |    11 |       ||    11
       Falchion          |     9 |       ||     9
       Kick              |    23 |     8 ||    31
       Dagger            |     6 |       ||     6
       Spear             |    40 |    54 ||    94
Throw: Boomerang         |     1 |       ||     1
       Dart              |       |     4 ||     4
  Use: Scroll            |     6 |     5 ||    11
       Potion            |     4 |     2 ||     6
Armor: Scale mail        |    27 |     6 ||    33
       Skin              |     2 |       ||     2
       Plate armour      |       |    39 ||    39
Dodge: Dodged            |    32 |    50 ||    82
Block: Buckler           |    16 |     2 ||    18
